 Dungeon Crawl Stone Soup version 0.29-a0-857-g9b1aa3ac5b (webtiles) character file.

Game seed: 11506842271682271015

155 jimonade the Shooter (level 5, 0/39 HPs)
             Began as a Formicid Hunter on July 17, 2022.
             Succumbed to a gnoll's poison
             ... on level 4 of the Dungeon.
             The game lasted 00:04:09 (2954 turns).

jimonade the Shooter (Formicid Hunter)              Turns: 2954, Time: 00:04:10

Health: 0/39       AC:  5    Str: 16    XL:     5   Next: 63%
Magic:  5/5        EV: 12    Int: 16    God:
Gold:   151        SH:  0    Dex: 17    Spells: 4/4 levels left

rFire   . . .      SeeInvis +   a - +0 shortbow
rCold   . . .      Faith    .   g - orb {light}
rNeg    . . .      Spirit   .   c - +0 leather armour
rPois   .          Reflect  .   (helmet unavailable)
rElec   .          Harm     .   (no cloak)
rCorr   .          Rampage  .   (no gloves)
Will    .....                   h - +1 pair of boots
Stlth   +.........              (no amulet)
HPRegen 0.13/turn               l - +6 ring of intelligence
MPRegen 0.09/turn               (no ring)

@: lethally poisoned (0 -> -2), glowing
A: permanent stasis, dig shafts and tunnels, antennae 3, four strong arms
a: Dig, Shaft Self


You were on level 4 of the Dungeon.
You visited 1 branch of the dungeon, and saw 4 of its levels.

You collected 151 gold pieces.

Inventory:

Hand Weapons
 a - a +0 shortbow (weapon)
 b - a +1 dagger of electrocution
 p - a +1 vorpal long sword
 x - a +1 sling of flaming
Missiles
 i - 11 javelins
 n - 9 poisoned darts
 v - 5 atropa-tipped darts
Armour
 c - a +0 leather armour (worn)
 g - an orb of light (worn)
 h - a +1 pair of boots (worn)
 w - a +0 plate armour
Jewellery
 l - a +6 ring of intelligence (left hand)
 s - an amulet of faith
Scrolls
 j - a scroll of immolation
 k - 4 scrolls of identify {unknown}
 o - a scroll of poison {unknown}
 r - a scroll of fog {unknown}
Potions
 d - 3 potions of curing {unknown}
 e - 2 potions of berserk rage {unknown}
 f - 2 potions of flight {unknown}
 m - a potion of attraction {unknown}
 q - a potion of mutation {unknown}
 t - 2 potions of heal wounds {unknown}
 u - a potion of lignification {unknown}


   Skills:
 + Level 2.6 Fighting
 + Level 6.0 Ranged Weapons
 + Level 1.3 Armour
 + Level 1.9 Dodging
 - Level 1.2 Stealth


You had 4 spell levels left.
You didn't know any spells.
Your spell library was empty.

Dungeon Overview and Level Annotations

Branches:
Dungeon (4/15)
 Temple: D:4-7

Altars:
Elyvilon
Zin

Annotations:
D:1 1 transporter


Innate Abilities, Weirdness & Mutations

You cannot be hasted, slowed, berserked, paralysed or teleported.
You can dig through walls and to a lower floor.
You have a pair of large antennae on your head. (SInv)
Your four strong arms can wield two-handed weapons with a shield.


Message History

You struggle against the net.
You tear a large gash into the net.
You rip the net and break free!
The gnoll hits you from afar with a +0 spear.
The gnoll bouda gazes fiercely through you!
You feel your attacks grow feeble. The gnoll misses you.
The gnoll hits you but does no damage.
The gnoll hits you from afar with a +2 spear of venom!
You are poisoned.
You feel very sick.
You shoot an arrow. The arrow hits the gnoll.
The gnoll is moderately wounded.
Your attacks no longer feel as feeble.
You feel very sick. The gnoll barely misses you. The gnoll misses you.
You shoot an arrow.
The arrow hits the gnoll but does no damage.
The gnoll is lightly wounded.
You feel very sick. The gnoll closely misses you. The gnoll barely misses you.
You are too injured to fight recklessly!
You are too injured to fight recklessly!
You are too injured to fight recklessly!
Unknown command.
You feel sick.
The gnoll is no longer moving quickly.
The gnoll bouda gazes fiercely through you!
You feel your attacks grow feeble. The gnoll hits you with a +0 flail.
The gnoll attacks as you move away! The gnoll misses you.
You feel sick.
You feel sick.
The gnoll bouda barks out a call to the hunt!
The gnoll picks up the pace!
You feel sick. The gnoll closely misses you.
The gnoll attacks as you move away! The gnoll hits you with a +0 flail.
* * * LOW HITPOINT WARNING * * *
x2 You feel sick.
The gnoll attacks as you move away! The gnoll misses you.
Your attacks no longer feel as feeble.
You die...

#.#######.##.....##.#....####
.........+.....'...........
########.#.....##.....#####
#..#######.....# ##### ##.#
#.....##### ....# #.##
#.#+##..... ###.# ###..###
#.#.##[.... #.# #......#
#.#.##..... #.# #...@..#
#.#.##..... .##.## #......#
#.#.##..... .....# #....g.#
#†#.####...
###..#############.####.#....'...
...........og.{{........#'####...
########....{######.###..........
#....!#.......##..........
#.....#.....#.##..........
#.....#.....#.##..........


You could see a gnoll (swift).

Vanquished Creatures
  An iguana (D:4)
  Robin (D:4)
  3 adders (D:3)
  An ufetubus (D:4)
  A worm (D:3)
  3 dart slugs
  An orc (D:4)
  6 ball pythons
  5 bats (D:1)
  4 endoplasms
  3 giant cockroaches
  16 goblins
  8 hobgoblins
  A jackal (D:4)
  5 quokkas
  4 frilled lizards
  5 kobolds
  4 rats
72 creatures vanquished.

Vanquished Creatures (others)
  An adder (D:4)
  A worm (D:4)
  2 goblins (D:4)
4 creatures vanquished.

Grand Total: 76 creatures vanquished

Notes
Turn   | Place    | Note
-------+----------+-------------------------------------------
     0 | D:1      | jimonade the Formicid Hunter began the quest for the Orb.
     0 | D:1      | Reached XP level 1. HP: 16/16 MP: 1/1
    88 | D:1      | Reached XP level 2. HP: 22/22 MP: 2/2
   552 | D:1      | Reached XP level 3. HP: 27/27 MP: 3/3
  1087 | D:2      | Found a faded altar of an unknown god.
  1127 | D:2      | Reached skill level 5 in Ranged Weapons
  1185 | D:2      | Found a glowing silver altar of Zin.
  1440 | D:2      | Reached XP level 4. HP: 34/34 MP: 4/4
  1640 | D:3      | Found a white marble altar of Elyvilon.
  1664 | D:3      | Reached skill level 1 in Armour
  2430 | D:4      | Reached XP level 5. HP: 38/39 MP: 5/5
  2606 | D:4      | Noticed Robin
  2621 | D:4      | Reached skill level 6 in Ranged Weapons
  2621 | D:4      | Killed Robin
  2953 | D:4      | HP: 1/39 [poisoned by a gnoll]
  2954 | D:4      | Succumbed to a gnoll's poison

Illustrated notes

Levels and vault maps discovered:
D:1:      spicycebolla_arrival_risky_transporter, layout_loops_corners
D:2:      layout_basic, basic_altar, shapermc_ecumenical_altar_mp_highgroup
D:3:      layout_rooms, lemuel_crystal_altar, grunt_decor_fettered
D:4:      layout_basic, xom_confusion_cloud, uniq_robin

Skill      XL: |  1  2  3  4  5 |
---------------+----------------+-----
Ranged Weapons | 5 6 |  6.0
Armour         | 1 |  1.3
Fighting       | |  2.6
Dodging        | |  1.9
Stealth        | |  1.2

Action                   |  1- 3 |  4- 6 || total
-------------------------+-------+-------++-------
 Fire: Shortbow          |    74 |    95 ||   169
 Abil: Dig               |       |     3 ||     3
Armor: Leather armour    |     4 |    20 ||    24
Dodge: Dodged            |    12 |    46 ||    58

Table legend: (Time is in decaauts)
 A = Elapsed time spent in this place.
 B = Non-inter-level travel time spent in this place.
 C = Inter-level travel time spent in this place.
 D = Time resting spent in this place.
 E = Time spent auto-exploring this place.
 F = Levels seen in this place.
 G = Mean time per level.
                   A        B        C        D        E       F      G
               +--------+--------+--------+--------+--------+-----+--------+
         Total |   2997 |   2843 |    154 |    363 |   1995 |   4 |  749.2 |
       Dungeon |   2997 |   2843 |    154 |    363 |   1995 |   4 |  749.2 |
               +--------+--------+--------+--------+--------+-----+--------+

Top non-repeatable levels by time:
     D:1: 929 daAuts
     D:4: 846 daAuts
     D:2: 637 daAuts
     D:3: 584 daAuts
